 Dungeon Crawl Stone Soup version 0.30.0-5-g1a98f26d00 (webtiles) character file.

Game seed: 4953895201571371405

659 qeuew the Covered (level 7, -4/61 HPs)
             Began as a Minotaur Fighter on May 9, 2023.
             Was an Initiate of Dithmenos.
             Slain by a gnoll
             ... wielding a +0 halberd
             ... led by a gnoll sergeant
              (8 damage)
             ... on level 5 of the Dungeon.
             The game lasted 00:03:59 (3061 turns).

qeuew the Covered (Minotaur Fighter)                Turns: 3061, Time: 00:04:00

Health: -4/61      AC:  7    Str: 20      XL:     7   Next: 30%
Magic:  7/7        EV: 10    Int:  5      God:    Dithmenos [......]
Gold:   201        SH: 10    Dex: 11 (12) Spells: 6/6 levels left

rFire   + . .        l - +6 flail of Arrival {speed, *Rage rF+ Will+}
rCold   . . .        c - +0 buckler
rNeg    . . .        b - +0 scale mail
rPois   .            (helmet restricted)
rElec   .            (no cloak)
rCorr   .            (no gloves)
SInv    .            (no boots)
Will    +....        i - amulet of reflection Stlth
                     (no ring)
HPRegen 0.30/turn    (no ring)
MPRegen 0.10/turn

%: random rage (20%), reflection
@: mighty, on berserk cooldown
A: horns 2, retaliatory headbutt
a: Renounce Religion


You were on level 5 of the Dungeon.
You worshipped Dithmenos.
Dithmenos was noncommittal.
You visited 1 branch of the dungeon, and saw 5 of its levels.

You collected 201 gold pieces.

Inventory:

Hand Weapons
 l - the +6 flail of Arrival (weapon) {speed, *Rage rF+ Will+}
   (You found it on level 3 of the Dungeon)

   rF:        It protects you from fire.
   *Rage:     It berserks you when you make melee attacks (+20% chance).
   Will:      It increases your willpower.
Armour
 b - a +0 scale mail (worn)
 c - a +0 buckler (worn)
Jewellery
 i - an amulet of reflection (around neck)
Wands
 k - a wand of digging (9)
Scrolls
 e - a scroll of identify
 h - a scroll of fear
Potions
 a - a potion of resistance {unknown}
 f - 2 potions of flight
 g - a potion of curing


   Skills:
 + Level 5.2 Fighting
 - Level 3.7(4.0) Axes
 + Level 1.7(3.0) Maces & Flails
 * Level 6.3 Armour
 + Level 3.1 Dodging
 + Level 5.1 Shields
 + Level 1.4 Invocations
 + Level 1.2 Evocations


You had 6 spell levels left.
You didn't know any spells.
Your spell library was empty.

Dungeon Overview and Level Annotations

Branches:
Dungeon (4/15)
 Temple: D:4-7

Altars:
Dithmenos
Kikubaaqudgha
Okawaru

Annotations:
D:5 Dowan


Innate Abilities, Weirdness & Mutations

You have a pair of horns on your head.
You reflexively headbutt those who attack you in melee.


Message History

You hit the gnoll sergeant.
Your headbutt misses the gnoll sergeant.
The gnoll sergeant is heavily wounded.
The gnoll hits you with a +0 whip.
The gnoll sergeant hits you with a +0 spear!
* * * LOW HITPOINT WARNING * * *
You hit the gnoll sergeant.
The gnoll sergeant is severely wounded.
You hear the slow hiss of a distant avalanche of sand.
You hear the slow rusting of a very distant drain.
The gnoll closely misses you.
The gnoll sergeant hits you but does no damage.
You hit the gnoll sergeant.
The gnoll sergeant is severely wounded.
The gnoll sergeant hits you with a +0 spear.
* * * LOW HITPOINT WARNING * * *
The gnoll hits you with a +0 whip.
* * * LOW HITPOINT WARNING * * *
You block the gnoll's attack.
You feel better.
Dowan says, "Magic and the sword, together, will defeat you."
You block the gnoll's attack. x2
The gnoll sergeant hits you with a +0 spear.
* * * LOW HITPOINT WARNING * * *
You feel very mighty all of a sudden. You block the gnoll's attack.
The gnoll closely misses you.
The gnoll sergeant hits you with a +0 spear.
* * * LOW HITPOINT WARNING * * *
Unknown command.
The gnoll sergeant blocks your attack.
The gnoll sergeant is severely wounded.
The gnoll completely misses you. You block the gnoll sergeant's attack.
The gnoll hits you with a +0 whip.
* * * LOW HITPOINT WARNING * * *
Unknown command.
You barely miss the gnoll sergeant. The gnoll sergeant blocks your attack.
The gnoll sergeant is severely wounded.
You block the gnoll sergeant's attack.
The gnoll hits you from afar with a +0 halberd!
You die...

.........#
...........######
................#
..............##
##...........##
#............#
##...........##
#....gg......#
#....@g......#
#....#'#ge.....#
##...#.#.......#
#. #.#........# #
# #.#..#.....# .
#.##........# .
...#........#
._.#......... ...


You could see a gnoll sergeant, Dowan and 3 gnolls.

Vanquished Creatures
  Prince Ribbit (D:5)
  Sigmund (D:2)
  A hound (D:5)
  An orc priest (D:3)
  A sleepcap (D:5)
  Natasha (twice) (D:2)
  2 iguanas
  3 adders
  A worm (D:3)
  A dart slug (D:3)
  6 orcs (D:3)
  9 ball pythons
  6 endoplasms
  7 giant cockroaches
  8 goblins
  5 hobgoblins
  8 kobolds
  2 quokkas (D:3)
  6 bats
  6 frilled lizards
  9 rats
86 creatures vanquished.

Notes
Turn   | Place    | Note
-------+----------+-------------------------------------------
     0 | D:1      | qeuew the Minotaur Fighter began the quest for the Orb.
     0 | D:1      | Reached XP level 1. HP: 19/19 MP: 0/0
   173 | D:1      | Reached XP level 2. HP: 27/27 MP: 1/1
   222 | D:1      | Reached skill level 4 in Armour
   709 | D:1      | Reached skill level 1 in Dodging
  1082 | D:2      | Reached XP level 3. HP: 33/33 MP: 2/2
  1112 | D:2      | Found an ancient bone altar of Kikubaaqudgha.
  1357 | D:2      | Noticed Natasha
  1365 | D:2      | Killed Natasha
  1366 | D:2      | Reached XP level 4. HP: 24/40 MP: 3/3
  1463 | D:2      | Noticed Sigmund
  1483 | D:2      | Killed Sigmund
  1484 | D:2      | Reached skill level 5 in Armour
  1484 | D:2      | Reached XP level 5. HP: 15/47 MP: 4/4
  1813 | D:2      | Noticed Natasha
  1821 | D:2      | Killed Natasha
  1822 | D:2      | Reached XP level 6. HP: 35/53 MP: 5/5
  2066 | D:3      | Found a shadowy altar of Dithmenos.
  2113 | D:3      | Became a worshipper of Dithmenos the Shadowed
  2172 | D:3      | Identified the +6 flail of Arrival {speed, *Rage rF+ Will+}
  2227 | D:3      | Identified the +2 ring mail of Mezcal {*Corrode Will+
                  | Dex+4}
  2963 | D:4      | You fall into a shaft and drop 1 floor!
  2963 | D:5      | Entered Level 5 of the Dungeon
  3022 | D:5      | Reached skill level 1 in Maces & Flails
  3030 | D:5      | Noticed Prince Ribbit
  3034 | D:5      | Reached skill level 5 in Fighting
  3034 | D:5      | Reached skill level 6 in Armour
  3034 | D:5      | Reached skill level 1 in Invocations
  3039 | D:5      | Killed Prince Ribbit
  3040 | D:5      | Reached skill level 5 in Shields
  3040 | D:5      | Reached skill level 1 in Evocations
  3040 | D:5      | Reached XP level 7. HP: 27/61 MP: 5/7
  3050 | D:5      | Found an iron altar of Okawaru.
  3054 | D:5      | Noticed Dowan
  3061 | D:5      | Slain by a gnoll

Illustrated notes

Levels and vault maps discovered:
D:1:      dpeg_arrival_round_b, layout_basic
D:2:      layout_basic, basic_altar, uniq_sigmund, uniq_natasha
D:3:      layout_loops_ring, grunt_dithmenos_smoke_and_mirrors, serial_rivers,
          chequers_serial_rivers_small_b, chequers_serial_rivers_micro_a,
          chequers_serial_rivers_micro_c, chequers_serial_rivers_micro_c,
          chequers_serial_rivers_marsh, chequers_serial_rivers_micro_a
D:4:      layout_loops_corners, st_stairs_7, uniq_robin, uniq_blork_the_orc,
          uniq_edmund
D:5:      layout_cave_pods, overflow_temple_1_default,
          mainiacjoe_overflow_surrounded_room,
          mainiacjoe_overflow_small_starburst, minmay_temple_entry_purple_smoke,
          nicolae_ossuary_entry_catacombs, portal_sewer_entry_b, uniq_duvessa,
          uniq_prince_ribbit1

Skill      XL: |  1  2  3  4  5  6 |
---------------+-------------------+-----
Armour         | 4 5 6 |  6.3
Dodging        | 1 2 3 |  3.1
Shields        | 4 5 |  5.1
Fighting       | 4 5 |  5.2
Axes           | 3 |  3.7
Maces & Flails | 1 |  1.7
Invocations    | 1 |  1.4
Evocations     | 1 |  1.2

Action                     |  1- 3 |  4- 6 |  7- 9 || total
---------------------------+-------+-------+-------++-------
  Melee: War axe           |    89 |    42 |       ||   131
         Headbutt          |     7 |    11 |     1 ||    19
         Flail             |       |    44 |     7 ||    51
    Use: Scroll            |     2 |     4 |       ||     6
         Potion            |     2 |     3 |     2 ||     7
 Armour: Scale mail        |    43 |    23 |     1 ||    67
  Dodge: Dodged            |    48 |    18 |     4 ||    70
  Block: Buckler           |    20 |    29 |     7 ||    56
